 Dungeon Crawl Stone Soup version 0.25.1-2-g60ff931df9 (webtiles) character file.

Game seed: 14684942260119783161

4833 Curus the Spear-Bearer (level 10, -8/78 HPs)
             Began as a Minotaur Monk on Sept 22, 2020.
             Was a High Priest of Okawaru.
             Mangled by a crocodile (14 damage)
             ... on level 8 of the Dungeon.
             The game lasted 00:30:09 (7984 turns).

Curus the Spear-Bearer (Minotaur Monk)              Turns: 7984, Time: 00:30:09

Health: -8/78      AC: 14    Str: 16    XL:     10   Next: 25%
Magic:  9/9        EV:  8    Int:  8    God:    Okawaru [*****.]
Gold:   327        SH:  0    Dex: 15    Spells: 9/9 levels left

rFire    . . .     SeeInvis .   p - +6 trident "Gaasubbosa" {vorpal, rC+}
rCold    + . .     Gourm    .   (no shield)
rNeg     . . .     Faith    .   i - +1 chain mail
rPois    .         Spirit   .   (helmet restricted)
rElec    .         Reflect  .   (no cloak)
rCorr    .         Harm     .   (no gloves)
MR       .....                  r - +0 pair of boots
Stlth    ..........             (no amulet)
HPRegen  0.23/turn              (no ring)
MPRegen  0.11/turn              l - +4 ring of protection

@: no status effects
A: retaliatory headbutt, horns 2
a: Heroism, Finesse, Renounce Religion


You were on level 8 of the Dungeon.
You worshipped Okawaru.
Okawaru was extremely pleased with you.
You were not hungry.

You visited 2 branches of the dungeon, and saw 9 of its levels.

You collected 483 gold pieces.
You spent 156 gold pieces at shops.

Inventory:

Hand Weapons
 a - a +3 hand axe
 m - a -2 hand axe
 p - the +6 trident "Gaasubbosa" (weapon) {vorpal, rC+}
   (You found it on level 6 of the Dungeon)

   It inflicts extra damage upon your enemies.
   It protects you from cold.
 v - a +4 antimagic spear
Armour
 b - a +0 robe
 i - a +1 chain mail (worn)
 r - a +0 pair of boots (worn)
Jewellery
 d - an uncursed ring of teleportation
 f - an uncursed ring of attention
 l - a +4 ring of protection (right hand)
Wands
 q - a wand of iceblast (32)
 s - a wand of random effects (53)
 t - a wand of acid (10)
Scrolls
 h - 4 scrolls of identify
 j - 3 scrolls of remove curse
 n - 2 scrolls of enchant weapon
 o - a scroll of teleportation
Potions
 e - a potion of flight
 g - 5 potions of curing
 k - 2 potions of heal wounds
Comestibles
 c - 13 rations
 u - a chunk of flesh


   Skills:
 + Level 3.9 Fighting
 - Level 10.8(13.7) Axes
 - Level 14.0(15.2) Polearms
 + Level 1.0 Armour
 - Level 3.2 Dodging
 - Level 1.5 Stealth


You had 9 spell levels left.
You didn't know any spells.
Your spell library contained the following spells:

 Spells                   Type           Power        Failure   Level  Hunger
 Magic Dart               Conj           #...         100%        1    ##.....
 Searing Ray              Conj           #.....       100%        2    ###....
 Dazzling Flash           Conj/Hex       #.....       100%        3    ####...
 Fulminant Prism          Conj/Hex       #.........   100%        4    #####..
 Iskenderun's Mystic Bla  Conj/Tloc      #.......     100%        4    #####..


Dungeon Overview and Level Annotations

Branches:
Dungeon (8/15)             Temple (1/1) D:6            Lair (0/6) D:8

Altars:
Cheibriados
Dithmenos
Elyvilon
Fedhas
Gozag
Makhleb
Nemelex Xobeh
Okawaru
Sif Muna
Trog
Vehumet
Wu Jian
Xom
Zin

Shops:
D:5 *   D:7 %


Innate Abilities, Weirdness & Mutations

You reflexively headbutt those who attack you in melee.
You have a pair of horns on your head.


Message History

You hit the bullfrog skeleton.
You destroy the bullfrog skeleton!
Okawaru accepts your kill.
Your Armour skill increases to level 1!
Found a stone staircase leading up.
You see here a porcupine corpse.
Attack whom?
Press: ? - help, Dir - move target cursor, f - crocodile
Aim: a crocodile You reach to attack!
You hit the crocodile.
The crocodile is lightly wounded.
You hit the crocodile.
The crocodile is heavily wounded.
The crocodile barely misses you.
You closely miss the crocodile.
The crocodile is heavily wounded.
You hit the crocodile.
The crocodile is severely wounded.
The crocodile bites you!
You die...

..............##.##....
........................
...............#.....$.♣
.)..........).....♣.P.P.
...............P.♣.P...P
####.....%.....P......P.
# ###########.†.....PPP
# #.†..♣...P. #
#♣.@t...>PP #.P.[....PP
#...P...... #..(.♣P....
........... .....P......
#..<..PP.P.P.
#......#.....


You could see a crocodile.

Vanquished Creatures
  A two-headed ogre (D:8)
  Pikel (D:8)
  Joseph (D:8)
  Psyche (D:8)
  A basilisk (D:8)
  Duvessa (D:7)
  3 ice beasts
  3 porcupines (D:8)
  5 black bears
  A sky beast (D:7)
  2 slaves (D:8)
  An orc warrior (D:7)
  A phantom (D:6)
  A wolf (D:8)
  3 ogres
  A crocodile (D:8)
  3 bullfrogs
  Dowan (D:7)
  A scorpion (D:8)
  A howler monkey (D:6)
  4 crimson imps
  3 hounds
  2 bullfrog skeletons
  2 orc priests
  4 orc wizards
  An iguana (D:4)
  8 worker ants
  2 hound skeletons
  6 adders
  An ooze (D:4)
  An adder skeleton (D:7)
  3 worms (D:3)
  4 dart slugs
  6 leopard geckos
  21 orcs
  A ball python (D:5)
  7 bats
  10 giant cockroaches
  11 goblins
  11 hobgoblins
  23 jackals
  2 quokkas
  3 frilled lizards
  A jackal skeleton (D:4)
  10 kobolds
  A leopard gecko skeleton (D:7)
  A leopard gecko zombie (D:8)
  7 rats
189 creatures vanquished.

Vanquished Creatures (others)
  A fungus (D:8)
  2 plants (D:8)
3 creatures vanquished.

Grand Total: 192 creatures vanquished

Notes
Turn   | Place    | Note
-------+----------+-------------------------------------------
     0 | D:1      | Curus the Minotaur Monk began the quest for the Orb.
     0 | D:1      | Reached XP level 1. HP: 19/19 MP: 0/0
    92 | D:1      | Reached XP level 2. HP: 26/26 MP: 1/1
   645 | D:1      | Reached skill level 5 in Axes
   673 | D:1      | Reached XP level 3. HP: 27/31 MP: 2/2
  1417 | D:2      | Reached XP level 4. HP: 38/39 MP: 3/3
  2658 | D:3      | Reached XP level 5. HP: 45/45 MP: 4/4
  3466 | D:4      | Found a sparkling altar of Nemelex Xobeh.
  3841 | D:4      | Reached XP level 6. HP: 16/51 MP: 5/5
  4188 | D:4      | Found an opulent altar of Gozag.
  4664 | D:5      | Entered Level 5 of the Dungeon
  4851 | D:5      | Found Tixuxok's Assorted Antiques.
  4863 | D:5      | Bought a scroll labeled TOUTUDWA CUCEN for 26 gold pieces
  4863 | D:5      | Bought a scroll labeled JUENIYBBOY for 26 gold pieces
  4863 | D:5      | Bought a bone wand for 104 gold pieces
  5265 | D:5      | Reached XP level 7. HP: 55/57 MP: 6/6
  5417 | D:5      | Reached skill level 10 in Axes
  5714 | D:6      | Got a faintly glowing trident
  5811 | D:6      | Found a staircase to the Ecumenical Temple.
  5817 | D:6      | Identified the +6 trident "Gaasubbosa" {vorpal, rC+} (You
                  | found it on level 6 of the Dungeon)
  5820 | Temple   | Entered the Ecumenical Temple
  5827 | Temple   | Became a worshipper of Warmaster Okawaru
  5827 | Temple   | Reached * piety under Okawaru
  5827 | Temple   | Reached ** piety under Okawaru
  5843 | D:6      | Found a shimmering altar of Xom.
  5843 | D:6      | Found a shimmering altar of Xom.
  5843 | D:6      | Found a shimmering altar of Xom.
  5845 | D:6      | Found a shimmering altar of Xom.
  5862 | D:6      | Reached skill level 2 in Polearms
  5909 | D:6      | Reached skill level 3 in Polearms
  5949 | D:6      | Reached skill level 4 in Polearms
  5949 | D:6      | Reached XP level 8. HP: 64/64 MP: 7/7
  6137 | D:6      | Reached skill level 5 in Polearms
  6152 | D:6      | Reached skill level 6 in Polearms
  6722 | D:7      | Noticed Dowan
  6724 | D:7      | Reached skill level 7 in Polearms
  6725 | D:7      | Noticed Duvessa
  6731 | D:7      | Killed Dowan
  6739 | D:7      | Killed Duvessa
  6739 | D:7      | Reached skill level 8 in Polearms
  6986 | D:7      | Reached *** piety under Okawaru
  7059 | D:7      | Reached skill level 9 in Polearms
  7097 | D:7      | Reached XP level 9. HP: 32/70 MP: 8/8
  7377 | D:7      | Found a white marble altar of Elyvilon.
  7431 | D:7      | Found Beex's Food Shoppe.
  7730 | D:8      | Noticed Pikel
  7735 | D:8      | Noticed Joseph
  7744 | D:8      | Killed Pikel
  7744 | D:8      | Reached skill level 10 in Polearms
  7756 | D:8      | Killed Joseph
  7756 | D:8      | Reached skill level 11 in Polearms
  7800 | D:8      | Noticed a two-headed ogre
  7816 | D:8      | Killed a two-headed ogre
  7816 | D:8      | Reached **** piety under Okawaru
  7816 | D:8      | Reached skill level 12 in Polearms
  7870 | D:8      | Noticed Psyche
  7875 | D:8      | Killed Psyche
  7875 | D:8      | Reached ***** piety under Okawaru
  7875 | D:8      | Reached skill level 13 in Polearms
  7883 | D:8      | Reached XP level 10. HP: 31/77 MP: 9/9
  7911 | D:8      | Received a gift from Okawaru
  7948 | D:8      | Found a staircase to the Lair.
  7972 | D:8      | Reached skill level 14 in Polearms
  7978 | D:8      | Reached skill level 1 in Armour
  7984 | D:8      | Mangled by a crocodile

Illustrated notes

Levels and vault maps discovered:
D:1:      roderic_crop_circles_arrival_small, layout_basic, nrook_campfire
D:2:      layout_basic
D:3:      kennysheep_the_goblin_king, layout_basic, first_ration
D:4:      layout_loops_ring, nemelex_xobeh_ov_fountains_minmay,
          nicolae_gozag_cash_rules_everything_around_me
D:5:      layout_loops_corners, serial_shops, shop
D:6:      minmay_recursive_quarters, layout_loops_ring,
          minmay_temple_entry_stoned_glass, xom_redecorated
D:7:      layout_basic, serial_shops, nicolae_shop_window_shopping,
          elyvilon_altar_1, uniq_duvessa
D:8:      layout_basic, minmay_lair_entry_grove, basic_altar,
          minmay_manual_mullet, uniq_joseph, uniq_pikel, uniq_psyche
Temple:   dpeg_three_leaves_temple

Skill      XL: |  1  2  3  4  5  6  7  8  9 10 |
---------------+-------------------------------+-----
Axes           | 4 5 6 8 9 10 | 10.8
Polearms       | 4 9 13 14 | 14.0
Armour         | 1 |  1.0
Fighting       | |  3.9
Dodging        | |  3.2
Stealth        | |  1.5

Action                   |  1- 3 |  4- 6 |  7- 9 | 10-12 || total
-------------------------+-------+-------+-------+-------++-------
Melee: Hand axe          |   100 |   228 |    32 |       ||   360
       Headbutt          |    11 |    37 |    40 |    11 ||    99
       Trident           |       |       |   201 |    44 ||   245
Evoke: Wand              |       |       |     1 |       ||     1
  Use: Potion            |     4 |     4 |       |     2 ||    10
       Scroll            |     4 |     7 |     5 |       ||    16
  Eat: Chunk             |     2 |    12 |     6 |       ||    20
       Ration            |       |       |     1 |       ||     1
Armor: Robe              |     9 |       |       |       ||     9
       Chain mail        |    35 |   111 |    97 |    26 ||   269
Dodge: Dodged            |    57 |    54 |    51 |    14 ||   176
